 Dungeon Crawl Stone Soup version 0.15.2 (webtiles) character file.

120 glosham the Cudgeler (level 5, -1/54 HPs)
             Began as an Ogre Arcane Marksman on Apr 9, 2017.
             Was a Plaything of Xom.
             Slain by dscm's ghost (13 damage)
             ... on Level 4 of the Dungeon.
             The game lasted 00:27:51 (1776 turns).

glosham the Cudgeler (Ogre Arcane Marksman)         Turns: 1776, Time: 00:27:51

HP  -1/54        AC  3     Str 16      XL: 5   Next:  4%
MP   7/7         EV 10     Int 12      God: Xom
Gold 112         SH  0     Dex 10      Spells:  1 memorised,  5 levels left

rFire  + . .     SeeInvis .     a - +0 flail
rCold  . . .     Clarity  .     e - +0 robe
rNeg   . . .     rCorr    .     (shield restricted)
rPois  .         rRot     .     (helmet restricted)
rElec  .         Spirit   .     (no cloak)
SustAb .         Warding  .     (gloves unavailable)
rMut   .         Stasis   .     (boots unavailable)
Gourm  .                        (no amulet)
MR     .....                    (no ring)
                                A - ring of protection from fire

@: not resistant to hostile enchantments, very unstealthy
A: unfitting armour, tough skin 1
a: Renounce Religion


You were on level 4 of the Dungeon.
You worshipped Xom.
You were a toy of Xom.
You were not hungry.

You visited 1 branch of the dungeon, and saw 4 of its levels.

You collected 112 gold pieces.

Inventory:

Hand weapons
 a - a +0 flail (weapon)
Missiles
 c - 2 throwing nets (quivered)
 g - 11 stones
 r - 5 poisoned needles
Armour
 e - a +0 robe (worn)
Comestibles
 f - a meat ration
 m - a slice of pizza
 n - 4 bread rations
Scrolls
 h - 4 scrolls of teleportation
 l - a scroll of remove curse
Jewellery
 A - a ring of protection from fire (left hand)
Potions
 i - a potion of curing {unknown}
 j - a potion of restore abilities {unknown}
 k - a potion of agility {unknown}
 o - a potion of magic {unknown}
 p - a potion of might {unknown}
 q - a potion of heal wounds {unknown}
Books
 d - a book of Debilitation

   Spells                             Type                      Level
   *Corona                            Hexes                        1
   Slow                               Hexes                        2
   Inner Flame                        Hexes/Fire                   3
   Enslavement                        Hexes                        4
   Cause Fear                         Hexes                        4
   Leda's Liquefaction                Hexes/Earth                  4


   Skills:
 + Level 3.6 Fighting
 * Level 4.7 Maces & Flails
 - Level 2.1 Throwing
 - Level 1.7 Dodging
 - Level 1.2 Spellcasting
 - Level 2.1 Hexes


You had 5 spell levels left.
You knew the following spells:

 Your Spells              Type           Power        Failure   Level  Hunger
c - Corona                Hex            #......      14%         1    ##.....


Dungeon Overview and Level Annotations

Branches:
Dungeon (4/15)
 Temple: D:4-7

Altars:
Xom

Annotations:
D:4 dscm's ghost, weakling OpFi


Innate Abilities, Weirdness & Mutations

You are too large for most types of armour.
You have tough skin (AC +1).


Message History

Press: ? - help, Shift-Dir - straight line, f/p - dscm's ghost
Aim: dscm's ghost You throw a large rock.
The large rock hits dscm's ghost.
Dscm's ghost is lightly damaged.
Dscm's ghost barely misses you.
You hit dscm's ghost.
Dscm's ghost is moderately damaged.
Dscm's ghost barely misses you.
You barely miss dscm's ghost.
Dscm's ghost is moderately damaged.
Dscm's ghost hits you! Dscm's ghost completely misses you.
You hit dscm's ghost.
Dscm's ghost is heavily damaged.
Dscm's ghost hits you.
You sock dscm's ghost!
Dscm's ghost is severely damaged.
The goblin shoots a stone.
The stone hits you. Dscm's ghost barely misses you.
You barely miss dscm's ghost.
Dscm's ghost is severely damaged.
The goblin shoots a stone.
The stone barely misses you.
Dscm's ghost hits you but does no damage.
You hit dscm's ghost.
Dscm's ghost is almost destroyed.
The goblin shoots a stone.
The stone hits you but does no damage. Dscm's ghost barely misses you.
You barely miss dscm's ghost.
Dscm's ghost is almost destroyed.
The goblin shoots a stone.
The stone hits you. Dscm's ghost hits you.
* * * LOW HITPOINT WARNING * * *
A worker ant comes into view.
You closely miss dscm's ghost.
Dscm's ghost is almost destroyed.
The worker ant twitches its antennae in your direction.
Dscm's ghost closely misses you.
The goblin shoots a stone.
The stone barely misses you.
You closely miss dscm's ghost.
Dscm's ghost is almost destroyed.
Dscm's ghost hits you!
You die...
Xom thinks this is hilarious!

. .. ?# #.##
##...##.#
#.(.....
#######....#
#..@W((.a.#
#g#####.###
#(# #.# #.#
#.# #.# #.#
#.# #.########
.(# #.)......#
#.#
########.#####
.g# #......


You could see a worker ant, dscm's ghost and a goblin.

Vanquished Creatures
  An orc wizard (D:4)
  2 adders
  A giant mite (D:3)
  3 giant geckos
  An ooze (D:1)
  5 orcs
  5 ball pythons
  A bat skeleton (D:4)
  3 giant cockroaches
  7 hobgoblins
  4 jackals (D:2)
  A quokka (D:2)
  8 bats
  2 giant newts
  4 goblins
  5 kobolds
  8 rats
61 creatures vanquished.

Notes
Turn   | Place    | Note
--------------------------------------------------------------
     0 | D:1      | glosham, the Ogre Arcane Marksman, began the quest for the Orb.
     0 | D:1      | Reached XP level 1. HP: 19/19 MP: 2/2
    41 | D:1      | Reached skill level 2 in Fighting
   249 | D:2      | Reached XP level 2. HP: 22/29 MP: 0/3
   291 | D:3      | Reached skill level 3 in Fighting
   498 | D:1      | Reached skill level 1 in Maces & Flails
   597 | D:1      | Reached XP level 3. HP: 25/37 MP: 2/4
   772 | D:1      | Found a shimmering altar of Xom.
   782 | D:1      | Became a worshipper of Xom of Chaos
   787 | D:1      | Reached skill level 2 in Maces & Flails
  1158 | D:2      | XOM: silly message
  1218 | D:2      | Reached skill level 3 in Maces & Flails
  1277 | D:2      | Reached XP level 4. HP: 18/45 MP: 4/6
  1665 | D:4      | Reached skill level 4 in Maces & Flails
  1711 | D:4      | XOM: divination: detect items
  1736 | D:4      | Reached XP level 5. HP: 36/54 MP: 4/7
  1763 | D:4      | Noticed dscm's ghost (weakling OpFi)
  1776 | D:4      | Slain by dscm's ghost

Action                   |  1- 3 |  4- 6 || total
-------------------------+-------+-------++-------
Melee: Short sword       |    34 |       ||    34
       Unarmed           |     9 |       ||     9
       Flail             |    77 |    51 ||   128
Throw: Throwing net      |     3 |     1 ||     4
       Large rock        |     6 |     3 ||     9
       Stone             |     3 |       ||     3
 Cast: Corona            |    49 |    21 ||    70
  Use: Scroll            |     4 |     1 ||     5
  Eat: Chunk             |     3 |     3 ||     6

Table legend:
 A = Turns spent in this place as a percentage of turns spent in the entire game.
 B = Non-inter-level travel turns spent in this place as a percentage of non-inter-level travel turns spent in the entire game.
 C = Inter-level travel turns spent in this place as a percentage of turns spent in this place.
 D = Turns resting spent in this place as a percentage of non-inter-level travel turns spent in this place.
 E = Turns spent auto-exploring this place as a percentage of non-inter-level travel turns spent in this place.
 F = Non-inter-level travel turns spent in this place divided by the number of levels of this place that you've seen.
                   A       B       C       D       E      F
               +-------+-------+-------+-------+-------+----------------------
         Total | 100.0 | 100.0 |   0.3 |   0.3 |   0.1 | 336.8
       Dungeon | 100.0 | 100.0 |   0.3 |   0.3 |   0.1 | 336.8
               +-------+-------+-------+-------+-------+----------------------

Table legend:
 A = Kills in this place as a percentage of kills in entire the game.
 B = Kills by you in this place as a percentage of kills by you in the entire game.
 C = Kills by friends in this place as a percentage of kills by friends in the entire game.
 D = Other kills in this place as a percentage of other kills in the entire game.
 E = Experience gained in this place as a percentage of experience gained in the entire game.
 F = Experience gained in this place divided by the number of levels of this place that you have seen.
                   A       B       C       D       E      F
               +-------+-------+-------+-------+-------+----------------------
         Total | 100.0 | 100.0 |  -nan |  -nan | 100.0 |  43.0
       Dungeon | 100.0 | 100.0 |  -nan |  -nan | 100.0 |  43.0
               +-------+-------+-------+-------+-------+----------------------

Vault maps used:
D:1:      ncdulo_watergridlock, xom_teletrap_fun
D:3:      first_bread, minivault_27
D:4:      kennysheep_the_goblin_king, serial_bayou_pond_a,
          hangedman_decor_growths, hangedman_feature_mirror, uniq_menkaure
